Map: [ESL] Oceanborn

Players

goblin - Winner!

  • Race: Protoss Protoss
  • Spawn Location: 11:00

PtitDrogo

  • Race: Protoss Protoss
  • Spawn Location: 5:00

Event: ESL SC2 Masters 2023 Winter (Regional)

VOD

Have the link to the VOD?

Description

Time

  • Played on: Nov. 4, 2023, 9:58 a.m.
  • Length: 8:21

All games in this series

Show
View Real Time Build Order
Export as new Build Order

goblin Protoss - Winner!

Build Orders: Oracle Opening 

Get SALT Encoding   

  12  0:00  Probe  
  13  0:12  Probe  
  14  0:17  Pylon  
  14  0:24  Probe (Chrono Boost)  
  15  0:36  Probe (Chrono Boost)  
  15  0:37  Gateway  
  16  0:45  Assimilator, Probe (Chrono Boost)  
  17  0:50  Probe  
  17  0:53  Assimilator  
  18  1:03  Probe (Chrono Boost)  
  19  1:08  Gateway  
  19  1:13  Probe (Chrono Boost)  
  19  1:18  Probe (Chrono Boost)  
  20  1:24  Cybernetics Core  
  21  1:29  Probe  
  22  1:35  Pylon  
  22  1:41  Probe  
  23  1:53  Probe  
  24  2:02  Warp Gate, Adept x2  
  28  2:10  Pylon  
  28  2:15  Probe  
  29  2:21  Stargate  
  28  2:46  Nexus  
  28  2:50  Probe  
  29  2:56  Stalker  
  31  3:04  Oracle (Chrono Boost)  
  31  3:09  Probe  
  35  3:15  Stalker  
  37  3:22  Pylon  
  37  3:25  Probe  
  38  3:36  Twilight Council  
  38  3:37  Probe  
  39  3:45  Oracle  
  42  3:49  Probe  
  43  3:59  Probe (Chrono Boost)  
  44  4:05  Stalker x2  
  49  4:13  Probe x2 (Chrono Boost)  
  50  4:19  Probe (Chrono Boost)  
  50  4:21  Probe (Chrono Boost)  
  52  4:27  Probe  
  51  4:32  Blink (Chrono Boost), Probe  
  51  4:37  Stalker  
  52  4:42  Stalker  
  52  4:44  Probe  
  55  4:48  Probe  
  56  4:53  Pylon  
  56  4:54  Assimilator  
  56  4:56  Probe  
  57  5:00  Probe  
  57  5:01  Shield Battery  
  57  5:05  Stalker  
  60  5:08  Probe  
  61  5:14  Stalker  
  61  5:16  Shield Battery  
  63  5:22  Shield Battery  
  56  5:29  Probe  
  56  5:30  Shield Battery  
  56  5:31  Stalker  
  56  5:35  Probe  
  53  5:41  Probe  
  50  5:48  Probe (Chrono Boost)  
  49  5:56  Probe (Chrono Boost)  
  50  5:57  Stalker x2  
  55  6:05  Probe (Chrono Boost)  
  55  6:09  Probe (Chrono Boost)  
  55  6:10  Probe (Chrono Boost)  
  57  6:13  Dark Shrine  
  57  6:17  Probe  
  58  6:20  Probe  
  59  6:29  Probe  
  59  6:30  Stalker x2  
  59  6:32  Probe  
  65  6:40  Nexus  
  65  6:42  Probe  
  65  6:43  Pylon  
  66  6:49  Probe  
  66  6:54  Probe  
  68  7:01  Stalker x2  
  68  7:03  Probe  
  68  7:04  Gateway  
  68  7:06  Probe  
  74  7:16  Pylon  
  74  7:24  Probe  
  74  7:25  Forge, Probe  
  74  7:26  Gateway  
  74  7:29  Shield Battery  
  76  7:37  Dark Templar x2  
  78  7:42  Probe x2  
  82  7:48  Pylon  
  82  7:50  Gateway  
  82  7:53  Probe  
  82  7:54  Probe  
  82  7:55  Probe  
  81  8:09  Stalker x3  
Show
View Real Time Build Order
Export as new Build Order

PtitDrogo Protoss 

Build Orders: Phoenix Opening 

Get SALT Encoding   

  12  0:00  Probe  
  13  0:12  Probe  
  14  0:17  Pylon  
  14  0:24  Probe (Chrono Boost)  
  15  0:36  Gateway  
  15  0:37  Probe (Chrono Boost)  
  16  0:45  Probe (Chrono Boost)  
  16  0:46  Assimilator  
  17  0:51  Probe  
  17  0:54  Assimilator  
  18  1:03  Probe (Chrono Boost)  
  19  1:09  Gateway  
  19  1:13  Probe (Chrono Boost)  
  20  1:18  Probe (Chrono Boost)  
  20  1:23  Cybernetics Core  
  21  1:30  Probe  
  22  1:35  Pylon  
  22  1:42  Probe  
  23  1:54  Probe  
  23  1:58  Warp Gate (Chrono Boost)  
  23  1:59  Stalker  
  28  2:03  Sentry  
  28  2:06  Probe  
  29  2:10  Pylon  
  29  2:20  Probe  
  30  2:25  Pylon  
  30  2:33  Phoenix  
  30  2:35  Stalker x2  
  34  2:51  Nexus  
  34  3:01  Shield Battery  
  34  3:02  Probe  
  35  3:08  Sentry  
  35  3:09  Sentry  
  35  3:10  Pylon  
  39  3:21  Shield Battery  
  39  3:27  Shield Battery  
  39  3:28  Probe  
  40  3:40  Probe, Stalker x2  
  45  3:48  Pylon  
  45  3:52  Probe  
  46  4:04  Probe  
  46  4:06  Stalker  
  46  4:07  Stalker  
  51  4:12  Probe  
  51  4:17  Probe  
  52  4:36  Stalker x2  
  56  4:41  Probe x2  
  58  4:46  Gateway  
  58  4:50  Twilight Council  
  58  5:00  Stalker x2  
  60  5:18  Probe x2  
  60  5:29  Stalker x2  
  52  5:44  Probe  
  52  5:45  Probe  
  52  5:49  Blink (Chrono Boost)  
  50  5:53  Stalker x3  
  50  5:57  Probe x2  
  55  6:09  Probe x2  
  55  6:11  Assimilator  
  57  6:12  Pylon  
  57  6:16  Stalker  
  57  6:17  Stalker  
  61  6:18  Stalker  
  61  6:21  Probe x2  
  64  6:33  Probe x2  
  64  6:38  Pylon  
  66  6:40  Stalker x2  
  66  6:41  Stalker  
  66  6:45  Gateway  
  72  6:51  Pylon  
  72  7:05  Nexus, Sentry, Stalker  
  76  7:10  Pylon  
  76  7:21  Pylon  
  76  7:29  Probe x2  
  78  7:31  Stalker x2  
  82  7:38  Robotics Facility  
  82  7:40  Pylon, Stalker  
  82  7:43  Forge  
  82  7:44  Probe  
  85  7:46  Probe  
  86  7:55  Stalker x2  
  85  8:17  Photon Cannon  
Tags
 
Add a new tag
Caveats
  • Supply blocks, unpowered buildings, or Contaminate may cause inaccurate times.
  • Supply counts are checked every 10 seconds.